 Dungeon Crawl Stone Soup version 0.32-a0-673-g3729bd50f8 (webtiles) character file.

Game seed: 10910748815636931223

1935 cforsyth the Reanimator (level 8, -5/78 HPs)
             Began as a Mountain Dwarf Necromancer on Mar 11, 2024.
             Slain by Pikel
             ... wielding a +0 whip of freezing
              (6 damage)
             ... on level 4 of the Dungeon.
             The game lasted 00:14:05 (6728 turns).

cforsyth the Reanimator (MDNe)                      Turns: 6728, Time: 00:14:06

Health: -5/78      AC:  7    Str: 13    XL:     8   Next: 97%
Magic:  10/10      EV:  9    Int: 16    God:
Gold:   225        SH:  0    Dex: 10    Spells: 5/10 levels left

rFire   . . .        k - +3 spear (heavy)
rCold   . . .        (no shield)
rNeg    . . .        A - +0 scale mail
rPois   .            (no helmet)
rElec   .            (no cloak)
rCorr   .            c - +0 pair of gloves
SInv    +            (no boots)
Will    .....        f - amulet of magic regeneration Stlth
                     v - ring of see invisible
HPRegen 0.33/turn    L - ring of flight
MPRegen 0.52/turn

%: no passive effects
@: flying
A: runic magic, artefact enchanting
a: no special abilities


You were on level 4 of the Dungeon.
You visited 2 branches of the dungeon, and saw 6 of its levels.
You also visited: Sewer and Ossuary.

You collected 305 gold pieces.
You spent 80 gold pieces at shops.


Innate Abilities, Weirdness & Mutations

Your spellcasting is much less encumbered by armour.
You can use scrolls of enchantment on lesser artefacts.


   Skills:
 + Level 9.0 Fighting
 - Level 1.3 Dodging
 - Level 1.4 Stealth
 - Level 1.7 Spellcasting
 + Level 10.1 Necromancy


You had 5 spell levels left.
You knew the following spells:

 Your Spells              Type           Power      Damage    Failure   Level
a - Animate Dead          Necr           33%        N/A       4%          4
X - Necrotise             Necr           100%       1d9       1%          1

Your spell library contained the following spells:

 Spells                   Type           Power      Damage    Failure   Level
 Vampiric Draining        Necr           33%        2d8       1%          3
 Curse of Agony           Necr           33%        N/A       14%         5
 Sandblast                Erth           2%         2d4       30%         1
 Sting                    Conj/Alch      4%         1d3       30%         1
 Mercury Vapours          Alch/Air       2%         N/A       43%         2
 Passwall                 Erth           1%         N/A       67%         3
 Stone Arrow              Conj/Erth      2%         3d7       67%         3
 Brom's Barrelling Bould  Conj/Erth      1%         2d3       97%         4
 Olgreb's Toxic Radiance  Alch           1%         N/A       97%         4

Inventory:

Hand Weapons
 k - a +3 heavy spear (weapon)
Missiles
 y - 3 throwing nets {=f}
Armour
 a - a +0 robe
 c - a +0 pair of gloves (worn)
 j - a +0 pair of boots
 A - a +0 scale mail (worn)
Jewellery
 f - an amulet of magic regeneration (around neck)
 v - a ring of see invisible (left hand)
 L - a ring of flight (right hand)
Wands
 u - a wand of iceblast (5)
 D - a wand of charming (12)
Scrolls
 e - a scroll of fear {unknown}
 h - 8 scrolls of teleportation {unknown}
 i - 8 scrolls of identify {unknown}
 m - 3 scrolls of noise
 n - 2 scrolls of blinking
 p - a scroll of enchant weapon
 x - 2 scrolls of brand weapon {unknown}
 B - a scroll of vulnerability
Potions
 b - 2 potions of magic
 d - 6 potions of heal wounds {@q2}
 g - 3 potions of haste {unknown}
 l - a potion of ambrosia {unknown}
 o - 3 potions of curing {@q1}
 q - a potion of resistance {unknown}
 r - 2 potions of attraction
 s - a potion of might {unknown}
 t - a potion of degeneration {unknown}
 w - 2 potions of lignification {unknown}
 z - 3 potions of enlightenment {unknown}
 C - a potion of cancellation {unknown}

Dungeon Overview and Level Annotations

Branches:
Dungeon (5/15)             Temple (1/1) D:5           Sewer (visited)
Ossuary (visited)

Altars:
Ashenzari
Cheibriados
Dithmenos
Elyvilon
Fedhas
Gozag
Hepliaklqana
Kikubaaqudgha
Makhleb
Nemelex Xobeh
Okawaru
Ru
Sif Muna
Trog
Uskayaw
Vehumet
Wu Jian
Xom
Yredelemnul
Zin
The Shining One

Shops:
D:2 [   D:3 !   D:4 *   D:5 (

Annotations:
D:4 Grinder, Pikel

#...............#.....(.......#.
###.........................###.
#.#..............###<.).....###
##..................#........# #
#...................#........# .
#.................#.............
####..............#..........B..
#.............5......####...##
##...........@K5.....# #§....#
#............55......# §§§...§
##.....≈≈≈..#.....##..# §§...§
#.....≈≈≈≈≈.##..#.#..... §§....
##...)≈≈⚑≈≈.##...........§.⚑...
##...≈≈)≈≈.##...#.....§§§....§
##..≈≈.≈≈..##.#.....#§.§....§
##.≈≈.≈≈... .#..... #.§§...§
..≈...≈..#. ##§§§..#


You could see Pikel and 4 lemures.


Message History

Unknown command.
You closely miss Pikel.
Pikel is almost dead.
Pikel closely misses you. The lemure hits you!
* * * LOW HITPOINT WARNING * * *
The lemure closely misses you. The lemure hits you but does no damage.
Your orc skeleton closely misses Pikel.
The lemure hits you.
* * * LOW HITPOINT WARNING * * *
Pikel hits you with a +0 whip of freezing!
* * * LOW HITPOINT WARNING * * *
Pikel freezes you.
* * * LOW HITPOINT WARNING * * *
The lemure hits you.
* * * LOW HITPOINT WARNING * * *
The lemure hits you.
* * * LOW HITPOINT WARNING * * *
Your orc skeleton misses Pikel.
Unknown command.
Unknown command.
Unknown command.
You hit Pikel but do no damage.
Pikel is almost dead.
Your orc skeleton crumbles into dust!
Pikel zaps a wand.
The bolt of light hits you!
* * * LOW HITPOINT WARNING * * *
The lemure completely misses you. The lemure hits you but does no damage.
The lemure barely misses you. x2
Pikel hits you with a +0 whip of freezing.
You die...
Pikel says, "See you in Hell!"

Skill      XL: |  1  2  3  4  5  6  7  8 |
---------------+-------------------------+-----
Fighting       | 1 2 3 4 5 7 9 |  9.0
Necromancy     | 5 6 7 8 10 | 10.1
Dodging        | |  1.3
Stealth        | |  1.4
Spellcasting   | |  1.7

Action                     |  1- 3 |  4- 6 |  7- 9 || total
---------------------------+-------+-------+-------++-------
  Melee: Unarmed           |     3 |       |       ||     3
         Spear             |     9 |     7 |   220 ||   236
   Cast: Necrotise         |    65 |   100 |    26 ||   191
         Animate Dead      |       |       |     1 ||     1
  Evoke: Wand              |       |     2 |     3 ||     5
    Use: Potion            |       |     2 |     5 ||     7
         Scroll            |       |     7 |       ||     7
   Stab: Sleeping          |     1 |     1 |       ||     2
 Armour: Robe              |    30 |    23 |       ||    53
         Scale mail        |       |    12 |   309 ||   321
  Dodge: Dodged            |    16 |    23 |   152 ||   191

Levels and vault maps discovered:
D:1:      arrival_aquarium_a, layout_basic, hellmonk_ecumenical_altar_crossroads
D:2:      layout_loops_ring, serial_shops, shop
D:3:      layout_loops_corners, gammafunk_temple_overflow_wave,
          gup_sewer_entry_pipe, serial_shops, nicolae_shop_tiny_statue_garden,
          uniq_jessica, uniq_natasha, uniq_terence
D:4:      layout_cave_pools, mainiacjoe_overflow_catwalk,
          nicolae_dithmenos_the_darkroom, serial_shops, shop, uniq_pikel,
          uniq_grinder
D:5:      kennysheep_big_flooded_room, layout_rooms,
          minmay_temple_entry_water_ring, serial_shops,
          nicolae_shop_hallway_plus, enter_ossuary_5, uniq_ijyb
Temple:   minmay_temple_bridge_d

Notes
Turn   | Place    | Note
-------+----------+-------------------------------------------
     0 | D:1      | cforsyth the Mountain Dwarf Necromancer began the quest for
                  | the Orb.
     0 | D:1      | Reached XP level 1. HP: 14/14 MP: 3/3
     1 | D:1      | Noticed an electric eel
   178 | D:1      | Found a faded altar of an unknown god.
   199 | D:1      | Reached skill level 1 in Fighting
   249 | D:1      | Reached XP level 2. HP: 23/23 MP: 1/4
  1172 | D:2      | Reached skill level 2 in Fighting
  1172 | D:2      | Reached skill level 5 in Necromancy
  1172 | D:2      | Reached XP level 3. HP: 29/29 MP: 1/5
  1706 | D:2      | Found Irahiss's Armour Boutique.
  1722 | D:2      | Reached XP level 4. HP: 28/37 MP: 0/6
  2130 | D:3      | Found a glowing drain.
  2192 | Sewer    | Entered a sewer
  2214 | Sewer    | Reached skill level 3 in Fighting
  2385 | D:3      | Noticed Natasha
  2393 | D:3      | Killed Natasha
  2394 | D:3      | Reached XP level 5. HP: 35/45 MP: 2/7
  2458 | D:3      | Noticed Terence
  2465 | D:3      | Killed Terence
  2466 | D:3      | Reached skill level 6 in Necromancy
  2698 | D:3      | Found Ymau's Distillery.
  2707 | D:3      | Bought a potion of heal wounds for 50 gold pieces
  2707 | D:3      | Bought a potion of curing for 30 gold pieces
  2735 | D:3      | Noticed Jessica
  2738 | D:3      | Killed Jessica
  2739 | D:3      | Reached skill level 4 in Fighting
  3097 | D:3      | Noticed Natasha
  3100 | D:3      | Found a snail-covered altar of Cheibriados.
  3100 | D:3      | Found a blossoming altar of Fedhas.
  3104 | D:3      | Killed Natasha
  3171 | D:3      | Noticed Natasha
  3181 | D:3      | Killed Natasha
  3182 | D:3      | Reached XP level 6. HP: 37/53 MP: 5/8
  3271 | D:3      | Identified the +1 robe "Nochof" {rC- Str+2 Archmagi}
  3545 | D:4      | Reached skill level 5 in Fighting
  3663 | D:4      | Found a bloodstained altar of Trog.
  3673 | D:4      | Noticed Grinder
  3737 | D:4      | Reached skill level 7 in Necromancy
  3789 | D:4      | Found a shadowy altar of Dithmenos.
  3821 | D:5      | Entered Level 5 of the Dungeon
  3849 | D:5      | Reached XP level 7. HP: 39/62 MP: 9/9
  3859 | D:5      | Found a staircase to the Ecumenical Temple.
  3869 | Temple   | Entered the Ecumenical Temple
  3922 | D:5      | Found a sand-covered staircase.
  3927 | Ossuary  | Entered an ossuary
  3943 | Ossuary  | Reached skill level 6 in Fighting
  4115 | Ossuary  | Reached skill level 8 in Necromancy
  4472 | Ossuary  | Reached skill level 7 in Fighting
  4482 | Ossuary  | Reached XP level 8. HP: 20/73 MP: 10/10
  4999 | Ossuary  | Reached skill level 9 in Necromancy
  5253 | Ossuary  | Reached skill level 8 in Fighting
  5704 | D:4      | Found Owyaneec's General Store.
  5718 | D:4      | Learned a level 4 spell: Animate Dead
  5990 | D:5      | Noticed Ijyb
  6012 | D:5      | Killed Ijyb
  6062 | D:5      | Found Jaer's Antique Weapon Emporium.
  6320 | D:5      | Reached skill level 10 in Necromancy
  6700 | D:4      | Reached skill level 9 in Fighting
  6715 | D:4      | Noticed Pikel
  6728 | D:4      | HP: 1/78 [Pikel/bolt of light (16)]
  6728 | D:4      | Slain by Pikel

Vanquished Creatures
  A wraith (D:5)
  A yak (D:5)
  An ogre (D:5)
  11 scorpions
  A bombardier beetle (D:4)
  4 centaur zombies (Ossuary)
  A human zombie (Ossuary)
  2 hounds (D:4)
  An orc priest (D:4)
  Jessica (D:3)
  An iguana (D:5)
  Ijyb (D:5)
  Terence (D:3)
  A hell rat (Sewer)
  4 scorpion zombies (Ossuary)
  Natasha (thrice) (D:3)
  3 mummies (Ossuary)
  7 gnolls
  2 adders
  2 adder zombies (Ossuary)
  2 ribbon worms
  3 dart slugs
  10 orcs
  A ball python (D:4)
  A bat (D:1)
  2 endoplasms (D:1)
  5 giant cockroaches
  3 gnoll zombies (Ossuary)
  5 goblins
  3 hobgoblins (D:2)
  5 jackals (D:3)
  4 kobolds
  4 quokkas
  A ball python zombie (Ossuary)
  2 frilled lizards
  A jackal zombie (Ossuary)
  2 orc zombies (Ossuary)
  11 rats
114 creatures vanquished.

Vanquished Creatures (collateral kills)
  An ogre (D:4)
  A river rat (Sewer)
  A giant cockroach (D:3)
3 creatures vanquished.

Vanquished Creatures (others)
  2 orc zombies (D:5)
2 creatures vanquished.

Grand Total: 119 creatures vanquished

Table legend: (Time is in decaauts)
 A = Elapsed time spent in this place.
 B = Non-inter-level travel time spent in this place.
 C = Inter-level travel time spent in this place.
 D = Time resting spent in this place.
 E = Time spent auto-exploring this place.
 F = Levels seen in this place.
 G = Mean time per level.
                   A        B        C        D        E       F      G
               +--------+--------+--------+--------+--------+-----+--------+
         Total |   6962 |   6729 |    233 |   1158 |   4063 |   8 |  870.2 |
       Dungeon |   5172 |   4939 |    233 |    673 |   3302 |   5 | 1034.4 |
        Temple |      1 |      1 |      0 |      0 |      0 |   1 |    1.0 |
         Sewer |    198 |    198 |      0 |     13 |    118 |   1 |  198.0 |
       Ossuary |   1589 |   1589 |      0 |    471 |    642 |   1 | 1589.0 |
               +--------+--------+--------+--------+--------+-----+--------+

Top non-repeatable levels by time:
 Ossuary: 1589 daAuts
     D:3: 1303 daAuts
     D:5: 1167 daAuts
     D:1: 1139 daAuts
     D:2: 946 daAuts
     D:4: 616 daAuts
   Sewer: 198 daAuts
  Temple: 1 daAuts

Table legend:
 A = Non-vault XP
 B = Vault XP
 C = Vault XP percentage of total XP
 D = Non-vault monster count
 E = Vault monster count
 F = Vault count percentage of total count
                 A         B        C        D         E       F
            +---------+---------+-------+---------+---------+-------
      Total |     915 |    1850 |  66.9 |      65 |      52 |  44.4
            +---------+---------+-------+---------+---------+-------
        D:1 |      22 |       0 |   0.0 |      10 |       0 |   0.0
        D:2 |      77 |       0 |   0.0 |      14 |       0 |   0.0
        D:3 |     115 |     120 |  51.1 |      17 |      10 |  37.0
        D:4 |     399 |       0 |   0.0 |      13 |       0 |   0.0
        D:5 |     302 |     470 |  60.9 |      11 |       3 |  21.4
      Sewer |       0 |      56 | 100.0 |       0 |       9 | 100.0
    Ossuary |       0 |    1204 | 100.0 |       0 |      30 | 100.0
            +---------+---------+-------+---------+---------+-------
